Unix NetHack Version 5.0.0-0 post-release - last build May 23 2026 06:08:33 (1c0ff79ee797540d5714e4e18072db0edd9e58ae,branch:main).

Game began 2026-05-29 19:51:55, ended 2026-05-29 20:12:44.

DaveT, lawful male human Priest

        ---         ----                            ------
       --.. ---------..|                          ---.|..--
       |.l.--.--.--....--    ###--                |..^....|
        -...............|    .#..#              ---.*`....|
        |...............|     ...--             |........--
 ----   ---......---....|     ....|             |........--     -----.--
 |..----  ---....----...|    -...#-             ---.......|     |...|..|
--.....--   |..--.....---    |.....               |...--..|  .- |....-.|
|.......-------...-----      |^.-                 |-..| ..|--.| --.....---
|.---.......*...--|  ---------.--                 |...| ---|..   |.*-....--
--.|---..@-----.*.| --..|......|               | --..-------.-- --.-......|
  --  |..j..----*.--|.....------               -.....| |.--...---.-..*....|
      -----........|--...--                      ---.--|..........>.......|
          ------..---|%..-#                        |..|--...........|.--..|
              |.....--..<.--                       --.| |..........------.---
              --.....%.....|                        |.--|.---......|    |...--
               |..---......|                        |..--.---....---    ---..|
               -----.......|                        --...........|        |..|
                  |....|.---                         |....----...|        ----
                  --.-----                           |....|  --.--
                   ---                               ------   ---
DaveT the Adept              St:12 Dx:12 Co:17 In:9 Wi:17 Ch:14  Lawful
Dlvl:6  $:0  HP:0(57) Pw:90(90) AC:0  Xp:7 T:3511  Burdened

Latest messages:
 The raven bites!
 The raven blinds you!
 The raven bites!
 The raven misses!
 You hit the raven.
 The raven bites!
 The raven just misses!
 The raven misses!
 You kill the raven!
 You can see again.
 You swap places with the peaceful dwarf.
 What do you want to throw? [lnq or ?*] b
 In what direction? b
 You cannot throw something you are wearing.
 What do you want to throw? [lnq or ?*] ?
 In what direction? b
 The dagger hits the dwarf.
 The dwarf gets angry!
 You kill the dwarf!
 There are several objects here.
 You have a little trouble lifting l - a dagger (10 in total).
 There is a dwarf corpse here; eat it? [ynq] (n) y
 This dwarf corpse is tough.
 You hear someone beseeching Tyr.
 You hear an animal carcass being offered in sacrifice.
 You finish eating the dwarf corpse.
 You climb up the stairs.
 You see here a cursed pink potion.
 You have a little trouble lifting C - a cursed pink potion.
 You see here a key.
 You have a little trouble lifting D - a key.
 You hear crashing rock.
 You see here 2 blue gems.
 You see here 10 rocks.
 You feel tough!
 You must have been leading a healthy life-style.
 With great effort you move the boulder.
 You see here a yellow gem.
 You materialize in a different location!
 You hear crashing rock.
 You hit the blue jelly!
 You are suddenly very cold!
 You hit the blue jelly!
 You hit the blue jelly!
 You are suddenly very cold!
 You hit the blue jelly!
 You are suddenly very cold!
 You die...
 Do you want your possessions identified? [ynq] (y) y
 Do you want to see your attributes? [ynq] (y) q

Inventory:
 Amulets  ('"')
  k - an amulet of ESP (being worn)
 Weapons  (')')
  n - 17 +0 darts
  l - 10 +0 daggers
  q - a +0 aklys
  a - a blessed +5 mace (weapon in right hand)
 Armor    ('[')
  c - a +0 small shield (being worn)
  b - a +0 robe (being worn)
  V - a +0 plate mail (being worn)
 Comestibles  ('%')
  e - a clove of garlic
  m - 3 food rations
  f - a sprig of wolfsbane
 Potions  ('!')
  C - a cursed potion of speed
 Rings    ('=')
  R - a cursed ring of teleportation
 Wands    ('/')
  u - a wand of cancellation (0:4)
  r - a wand of lightning (0:3)
  i - a wand of stasis (0:5)
 Tools    ('(')
  A - a sack containing 12 items
  w - a blindfold
  v - a credit card
  y - an oil lamp
  D - a skeleton key
  x - a stethoscope

Contents of the sack:
  252 gold pieces
  a +0 cloak of invisibility
  a scroll of charging
  2 scrolls of confuse monster
  a scroll of food detection
  2 cursed scrolls of identify
  a scroll of teleportation
  a cursed potion of extra healing
  a cursed potion of healing
  2 potions of holy water
  a potion of unholy water
  a blessed partly used tallow candle

DaveT the Priest's attributes:

Background:
 You were an Adept, a level 7 human Priest.
 You were lawful, on a mission for Tyr
 who was opposed by Odin (neutral) and Loki (chaotic).
 You were right-handed.
 You were in the Gnomish Mines, on level 6.
 You entered the dungeon 3511 turns ago.
 You had 850 experience points, 430 more were needed to attain level 8.

Basics:
 You had 0 out of 57 hit points.
 You had all 90 energy points (spell power).
 Your armor class was 0.
 Your wallet was empty, but
 you had 252 zorkmids stashed away in your pack.
 Autopickup was off.

Final Characteristics:
 Your strength was 12 (limit:18/100).
 Your dexterity was 12 (limit:18).
 Your constitution was 17 (limit:18).
 Your intelligence was 9 (limit:18).
 Your wisdom was 17 (limit:18).
 Your charisma was 14 (limit:18).

Final Status:
 You weren't hungry.
 You were burdened; movement was slightly slowed.
 You were wielding a mace.
 You had basic skill with mace and could have enhanced that.

Final Attributes:
 You were fervently aligned.
 You were telepathic.
 You were guarded.
 Your spell casting was impaired by metallic armor, mitigated by your robe.
 You are dead.

Miscellaneous:
 You encountered 1 bones level.
 Total elapsed playing time was 20 minutes and 48 seconds.

Major events:
 Turn
    1: DaveT the lawful human Priest entered the dungeon
  267: performed his first genocide (rust monsters)
  615: attained the rank of Acolyte (level 3)
 1251: entered the Gnomish Mines
 2183: attained the rank of Adept (level 6)
 2730: reached Mine Town
 3511: killed by a blue jelly

Spells:
 Name                 Level Category     Fail Retention
 detect monsters        1   divination    35%  76%-100%
 extra healing          3   healing       98%  76%-100%
 detect treasure        4   divination   100%  76%-100%

Skills:
 Fighting Skills
   bare handed combat [Unskilled]
 Weapon Skills
   club               [Unskilled]
   mace               [Basic]
   morning star       [Unskilled]
   flail              [Unskilled]
   hammer             [Unskilled]
   quarterstaff       [Unskilled]
   polearms           [Unskilled]
   spear              [Unskilled]
   trident            [Unskilled]
   lance              [Unskilled]
   bow                [Unskilled]
   sling              [Unskilled]
   crossbow           [Unskilled]
   dart               [Basic]
   shuriken           [Unskilled]
   boomerang          [Unskilled]
   unicorn horn       [Unskilled]
 Spellcasting Skills
   healing spells     [Unskilled]
   divination spells  [Unskilled]
   clerical spells    [Basic]

Voluntary challenges:
 Character rerolling was not enabled.
 You genocided 1 type of monster.
 You never polymorphed an object.
 You never changed form.
 You used no wishes.
Achievements:
 You attained the rank of Acolyte.
 You entered a shop.
 You entered the Gnomish Mines.
 You attained the rank of Adept.
 You entered Minetown.
 You entered a temple.

 The Dungeons of Doom: levels 1 to 5
    Level 1: "vault door in stairs room"
       Some fountains.
    Level 2: "vault"
       A general store, some fountains, a sink.
    Level 3:
       Stairs down to The Gnomish Mines.
    Level 4: "vault in center north"
       A fountain.
    Level 5:
 The Gnomish Mines: levels 4 to 8
    Level 4:
    Level 5:
    Level 6: <- You were here.
       Final resting place for
          you, killed by a blue jelly.
    Level 7:
       Many shops, a temple and an altar to Tyr, some fountains, a sink.
    Level 8:
       Final resting place for
          magnolian-Val-Hum-Fem-Law, killed by a wolf.


Vanquished creatures:
  2 small mimics
  a raven
  a fog cloud
  5 gnome leaders
  3 gnomish wizards
  4 elf zombies
  2 little dogs
  5 floating eyes
  a kitten
  3 dwarves
  3 rothes
  a rabid rat
  a giant bat
  5 monkeys
  a werejackal
 an iguana
 an acid blob
  2 gas spores
  a hobbit
  a large kobold
  3 giant rats
  a red mold
 28 gnomes
  a gnome zombie
  3 geckos
  a jackal
  a fox
  4 kobolds
  2 goblins
  3 sewer rats
  4 grid bugs
  5 lichens
  4 newts
104 creatures vanquished.

Genocided species:
 rust monsters
1 species genocided.

Game over:
                       ----------
                      /          \
                     /    REST    \
                    /      IN      \
                   /     PEACE      \
                  /                  \
                  |      DaveT       |
                  |      252 Au      |
                  | killed by a blue |
                  |      jelly       |
                  |                  |
                  |                  |
                  |       2026       |
                 *|     *  *  *      | *
        _________)/\\_//(\/(/\)/\//\/|_)_______

Goodbye DaveT the Priest...

You died in The Gnomish Mines on dungeon level 6 with 4027 points,
and 252 pieces of gold, after 3511 moves.
You were level 7 with a maximum of 57 hit points when you died.

